 Dungeon Crawl Stone Soup version 0.20.1-1-g8b1a95d (webtiles) character file.

104 Melbolja the Grave Robber (level 4, -1/33 HPs)
             Began as a Hill Orc Necromancer on Oct 2, 2017.
             Slain by an iguana (4 damage)
             ... on level 3 of the Dungeon.
             The game lasted 00:14:58 (2683 turns).

Melbolja the Grave Robber (Hill Orc Necromancer)    Turns: 2683, Time: 00:15:00

Health: -1/33      AC:  3    Str: 10    XL:     4   Next: 80%
Magic:  1/7        EV: 12    Int: 16    God:
Gold:   74         SH:  0    Dex: 11    Spells: 5/7 levels left

rFire    . . .     SeeInvis .   c - +3 quarterstaff (chaos)
rCold    . . .     Gourm    .   (shield currently unavailable)
rNeg     . . .     Faith    .   a - +0 robe
rPois    .         Spirit   .   (no helmet)
rElec    .         Reflect  .   k - +0 cloak
rCorr    .         Harm     .   (no gloves)
MR       .....                  (no boots)
Stlth    ++........             (no amulet)
Regen    0.2/turn               (no ring)
MPRegen  0.1/turn               (no ring)

@: no status effects
A: no striking features
a: no special abilities


You were on level 3 of the Dungeon.
You were not hungry.

You visited 1 branch of the dungeon, and saw 3 of its levels.

You collected 74 gold pieces.

Inventory:

Hand Weapons
 c - a +3 quarterstaff of chaos (weapon)
 d - a -3 club
 g - a +4 dagger
 l - a +2 mace of draining
Missiles
 m - a stone (quivered)
Armour
 a - a +0 robe (worn)
 k - a +0 cloak (worn)
Scrolls
 f - 3 scrolls of teleportation
 j - a scroll of noise
Potions
 e - a potion of berserk rage
 h - a potion of degeneration {unknown}
Books
 b - a book of Necromancy

   Spells                             Type                      Level
   a - Pain                           Necromancy                   1
   b - Animate Skeleton               Necromancy                   1
   c - Vampiric Draining              Necromancy                   3
   d - Regeneration                   Charms/Necromancy            3
   e - Animate Dead                   Necromancy                   4
   f - Control Undead                 Necromancy                   4
Comestibles
 i - a bread ration


   Skills:
 - Level 0.7 Maces & Flails
 + Level 1.6 Dodging
 - Level 1.5 Stealth
 + Level 2.3 Spellcasting
 * Level 5.3 Necromancy


You had 5 spell levels left.
You knew the following spells:

 Your Spells              Type           Power        Failure   Level  Hunger
a - Pain                  Necr           ###.         2%          1    #......
b - Animate Skeleton      Necr           N/A          2%          1    #......


Dungeon Overview and Level Annotations

Branches:
Dungeon (3/15)

Altars:


Message History

Your hobgoblin skeleton hits the iguana but does no damage.
You see here a stone.
m - a stone You hit the iguana but do no damage.
The iguana is poisoned.
The iguana bites you.
Your hobgoblin skeleton hits the iguana.
You barely miss the iguana.
The iguana is moderately wounded.
The quokka bites your hobgoblin skeleton.
The iguana barely misses you.
Your hobgoblin skeleton closely misses the iguana.
The quokka barely misses your hobgoblin skeleton.
You barely miss the iguana.
The iguana is moderately wounded.
The iguana bites you!
* * * LOW HITPOINT WARNING * * *
The quokka bites your hobgoblin skeleton.
Your hobgoblin skeleton hits the iguana but does no damage.
The iguana bites you.
You die...

####.....#
####........#
###..).###....#
##...#### #....#
####..###### #....##
#......#.....######..##
.............(## ##..#
............%..# ##>#
..........Zl@..# #.#
........[r.....# #.#
......(........# #.#
......(...).(..# #.#
..)..)........######.#
.................##.#
...>......#####....#
.#####.##.......#### #.
..###....#######


You could see an iguana, a quokka and a friendly hobgoblin skeleton.

Vanquished Creatures
  Crazy Yiuf (D:2)
  2 adders (D:3)
  An ooze (D:1)
  2 worms (D:2)
  2 dart slugs
  A leopard gecko (D:1)
  3 orcs (D:3)
  A giant cockroach (D:1)
  5 hobgoblins
  4 jackals (D:1)
  A quokka (D:2)
  8 bats
  3 frilled lizards
  2 goblins (D:1)
  4 kobolds
  4 rats
44 creatures vanquished.

Vanquished Creatures (collateral kills)
  A hobgoblin (D:1)
1 creature vanquished.

Grand Total: 45 creatures vanquished

Notes
Turn   | Place    | Note
-------+----------+-------------------------------------------
     0 | D:1      | Melbolja the Hill Orc Necromancer began the quest for the Orb.
     0 | D:1      | Reached XP level 1. HP: 14/14 MP: 3/3
     3 | D:1      | Noticed an electric eel
     3 | D:1      | Noticed an electric eel
   525 | D:1      | Reached XP level 2. HP: 5/20 MP: 0/4
   766 | D:1      | Learned a level 1 spell: Animate Skeleton
  1312 | D:1      | Reached XP level 3. HP: 26/26 MP: 3/5
  2280 | D:2      | Found a runed door.
  2398 | D:2      | Noticed Crazy Yiuf
  2402 | D:2      | Killed Crazy Yiuf
  2402 | D:2      | Reached skill level 5 in Necromancy
  2402 | D:2      | Reached XP level 4. HP: 29/33 MP: 1/7
  2683 | D:3      | Slain by an iguana

Skill      XL: |  1  2  3 |
---------------+----------+-----
Spellcasting   | 2 |  2.3
Necromancy     | 5 |  5.3
Maces & Flails | |  0.7
Dodging        | |  1.6
Stealth        | |  1.5

Action                   |  1- 3 |  4- 6 || total
-------------------------+-------+-------++-------
Melee: Unarmed           |    15 |       ||    15
       Club              |    24 |       ||    24
       Quarterstaff      |       |     4 ||     4
Throw: Javelin           |       |     1 ||     1
 Cast: Pain              |    68 |    17 ||    85
       Animate Skeleton  |     3 |     1 ||     4
  Use: Scroll            |     4 |     1 ||     5
       Potion            |     1 |       ||     1
 Stab: Sleeping          |     1 |       ||     1
  Eat: Chunk             |     2 |     1 ||     3
       Bread ration      |     1 |       ||     1
Armor: Robe              |     7 |       ||     7
Dodge: Dodged            |    32 |     6 ||    38
